 Dungeon Crawl Stone Soup version 0.16-a0-3994-gbbee317 (webtiles) character file.

10430 Herrn the Nimble (level 11, -4/68 HPs)
             Began as a Gargoyle Earth Elementalist on Feb 13, 2015.
             Was a High Priest of Okawaru.
             Slain by an efreet
             ... wielding a +4 scimitar of flaming
              (16 damage)
             ... on level 10 of the Dungeon.
             The game lasted 01:41:12 (16377 turns).

Herrn the Nimble (Gargoyle Earth Elementalist)     Turns: 16377, Time: 01:41:12

Health: -4/68      AC: 14    Str: 13    XL:     11   Next: 62%
Magic:  4/25       EV: 17    Int: 18    God:    Okawaru [*****.]
Gold:   472        SH:  0    Dex: 10    Spells: 2 memorised, 18 levels left

rFire  + . .     SeeInvis .     X - +0 battleaxe (protect)
rCold  . . .     Clarity  .     k - +3 leather armour
rNeg   + + .     SustAb   .     (no shield)
rPois  ∞         Gourm    .     U - +0 helmet
rElec  +         Spirit   .     J - +0 cloak
rCorr  .         Warding  +     E - +0 pair of gloves
rMut   .         Stasis   .     q - +0 pair of boots
MR     +....                    P - amulet of warding
Stlth  +++.......               f - ring of protection from magic
                                F - ring of protection from fire

@: heroism, corroded equipment, very slightly contaminated, hasted, very quick,
somewhat resistant to hostile enchantments, fairly stealthy
A: mutation resistance 1, negative energy resistance 1, electricity resistance,
unbreathing, petrification resistance, rot immunity, AC +7
a: Heroism, Finesse, Renounce Religion


You were on level 10 of the Dungeon.
You worshipped Okawaru.
Okawaru was extremely pleased with you.
You were very hungry.

You visited 2 branches of the dungeon, and saw 11 of its levels.
You also visited: Sewer and Bailey.

You collected 704 gold pieces.
You spent 232 gold pieces at shops.

Inventory:

Hand weapons
 i - a +6 war axe of chopping
 l - a +1 short sword of venom
 I - a +0 halberd of protection
 W - a +0 hand crossbow
 X - a +0 battleaxe of protection (weapon)
 Y - a +0 dire flail
Missiles
 b - 50 stones (quivered)
 D - 30 bolts
Armour
 k - a +3 leather armour (worn)
 q - a +0 pair of boots (worn)
 v - a +3 chain mail of magic resistance
 E - a +0 pair of gloves (worn)
 J - a +0 cloak (worn)
 U - a +0 helmet (worn)
 Z - a +0 chain mail
Jewellery
 f - a ring of protection from magic (right hand)
 h - an uncursed ring of fire
 n - an uncursed ring of protection from fire
 C - an uncursed ring of teleport control
 F - a ring of protection from fire (left hand)
 P - an amulet of warding (around neck)
Magical devices
 t - a wand of digging (6)
 y - a wand of fire (0)
 L - a wand of random effects (24)
 O - a wand of disintegration (0)
 R - a wand of frost (19)
Scrolls
 e - a scroll of fog
 p - 3 scrolls of remove curse
 r - 3 scrolls of fear
 M - 4 scrolls of amnesia
 S - 2 scrolls of enchant armour
 V - a scroll of holy word
Potions
 g - 3 potions of cancellation
 m - 5 potions of curing
 u - 3 potions of brilliance {unknown}
 w - a potion of beneficial mutation
 x - 3 potions of magic {unknown}
 z - a potion of restore abilities {unknown}
 A - 2 potions of flight {unknown}
 G - 2 potions of might
 K - a potion of berserk rage {unknown}
 N - a potion of poison {unknown}
 Q - a potion of degeneration {unknown}
Books
 d - a book of Geomancy

   Spells                             Type                      Level
   a - Sandblast                      Earth                        1
   b - Stoneskin                      Transmutation/Earth          2
   c - Passwall                       Transmutation/Earth          3
   d - Stone Arrow                    Conjuration/Earth            3
   e - Petrify                        Transmutation/Earth          4
   f - Lee's Rapid Deconstruction     Earth                        5
 o - a book of the Warp

   Spells                             Type                      Level
   a - Recall                         Summoning/Translocation      3
   b - Control Teleport               Charms/Translocation         4
   c - Force Lance                    Conjuration/Translocation    4
   d - Phase Shift                    Translocation                5
   e - Warp Weapon                    Charms/Translocation         5
   f - Summon Forest                  Summoning/Translocation      5
   g - Gell's Gravitas                Hexes/Translocation          6
Comestibles
 a - 11 bread rations
 c - a chunk of flesh
 s - 3 meat rations
 B - a royal jelly
 H - 4 beef jerkies
 T - 6 slices of pizza


   Skills:
 * Level 8.2(13.2) Fighting
 * Level 4.9(9.9) Axes
 * Level 1.6(6.6) Crossbows
 + Level 0.2(5.2) Armour
 * Level 9.5(14.5) Dodging
 - Level 2.1(7.1) Stealth
 - Level 6.0 Spellcasting
 * Level 7.9 Conjurations
   Level 0.7 Transmutations
 - Level 6.0 Earth Magic


You had 18 spell levels left.
You knew the following spells:

 Your Spells              Type           Power        Failure   Level  Hunger
a - Sandblast             Erth           ####..       1%          1    None
b - Stone Arrow           Conj/Erth      ####..       2%          3    ##.....


Dungeon Overview and Level Annotations

Branches:
Dungeon (10/15)            Temple (1/1) D:4            Lair (0/8) D:8
    Orc: D:9-12

Altars:
Ashenzari
Cheibriados
Dithmenos
Elyvilon
Fedhas
Gozag
Kikubaaqudgha
Makhleb
Nemelex Xobeh
Okawaru
Qazlal
Ru
Sif Muna
Trog
Vehumet
Xom
Yredelemnul
Zin
The Shining One

Shops:
D:7 }   D:8 ?

Annotations:
D:3 Grinder


Innate Abilities, Weirdness & Mutations

You are resistant to torment.
You are immune to poison.
Your stone body is very resilient (AC +7).
You resist negative energy.
You are resistant to electric shocks.
You can survive without breathing.
You are immune to petrification.
You are immune to rotting.
You are somewhat resistant to further mutation.


Message History

You feel better. The jelly hits you but does no damage.
You barely miss the jelly.
The jelly is almost dead.
The efreet blocks your attack.
The efreet is heavily wounded.
The efreet misses you. The jelly misses you.
You hit the jelly. The acid corrodes your equipment!
The jelly is almost dead.
You hit the efreet but do no damage.
The efreet is heavily wounded.
The jelly hits you but does no damage. The efreet misses you.
You hit the jelly.
You kill the jelly!
Okawaru accepts your kill.
You barely miss the efreet.
The efreet is heavily wounded.
You slash the efreet!
The efreet is severely wounded.
The efreet hits you with a scimitar of flaming!
You die...

* **,,,* #..##.#.##<.............
* *,..####....#....####........#
* *,...........................'
*****,,#.......####.####........#
,,,,,,,#........[.)...##........#
***##.###.#..##..################
,,,..........##..#
***###.####..##..# #(........R@#
#### ##..##..##.##### ##...
#.,*#§........#### #....
**,*#§#....c.....######..). ***
*,*#§#######...........)∩) ,,*
*,,..§,*#######[######..). ,,*
*,.#§#**#...........##....
,,******,.*.* #.#####.#.#.#####.
,,,,,,,,,,,,**##.####...........#


You could see an efreet.

Vanquished Creatures
  An orc warlord (Bailey)
  A griffon (D:10)
  4 orc knights
  A gargoyle (D:10)
  A two-headed ogre (D:9)
  A deep elf mage (D:10)
  7 yaks
  A human (D:8)
  4 hippogriffs
  A vampire mosquito (D:10)
  Edmund (D:7)
  A necrophage (D:6)
  2 black bears
  5 orc warriors (Bailey)
  3 phantoms
  2 ice beasts
  4 centaurs
  A big kobold (D:7)
  2 giant frogs
  2 scorpions
  5 killer bees (D:8)
  A hound (D:8)
  17 wights
  6 crimson imps
  A quasit (D:5)
  3 centaur zombies (D:9)
  A goliath beetle (D:9)
  3 jellies
  Crazy Yiuf (D:6)
  A gnoll shaman (D:5)
  3 centaur skeletons
  An iguana (D:8)
  3 orc priests
  6 orc wizards
  7 worker ants
  4 sheep (D:8)
  A killer bee zombie (D:6)
  Ijyb (D:7)
  A hound zombie (D:9)
  A hound skeleton (D:6)
  A mummy (D:9)
  2 worker ant zombies (D:10)
  22 gnolls
  A shadow imp (D:8)
  7 adders
  4 giant mites
  2 worms
  An adder zombie (D:9)
  An adder skeleton (D:4)
  A giant gecko (D:1)
  39 orcs
  9 bats
  A bat skeleton (D:4)
  4 giant cockroaches
  28 goblins
  31 hobgoblins
  19 jackals
  24 kobolds
  2 oozes
  7 quokkas
  8 ball pythons
  2 giant gecko zombies
  8 giant newts
  A jackal skeleton (D:8)
  A jackal zombie (D:5)
  A quokka zombie (D:7)
  10 rats
  13 ballistomycetes (D:9)
  3 plants (Sewer)
365 creatures vanquished.

Vanquished Creatures (others)
  A hound skeleton (D:10)
  3 giant spores (D:9)
  A plant (Sewer)
5 creatures vanquished.

Grand Total: 370 creatures vanquished

Notes
Turn   | Place    | Note
--------------------------------------------------------------
     0 | D:1      | Herrn, the Gargoyle Earth Elementalist, began the quest for the Orb.
     0 | D:1      | Reached XP level 1. HP: 10/10 MP: 3/3
     6 | D:1      | Noticed a worker ant
     6 | D:1      | Noticed a salamander
   130 | D:1      | Reached skill level 4 in Earth Magic
   235 | D:1      | Reached XP level 2. HP: 15/15 MP: 2/4
  1230 | D:2      | Reached XP level 3. HP: 20/20 MP: 4/6
  1383 | D:2      | Reached skill level 1 in Fighting
  1722 | D:2      | Reached skill level 5 in Earth Magic
  2066 | D:2      | Learned a level 3 spell: Stone Arrow
  2171 | D:3      | Reached XP level 4. HP: 25/25 MP: 5/7
  2412 | D:3      | Noticed Grinder
  2529 | D:3      | Reached skill level 1 in Conjurations
  3001 | D:3      | Paralysed by Grinder for 6 turns
  3173 | D:3      | Paralysed by Grinder for 6 turns
  3651 | D:3      | Paralysed by Grinder for 2 turns
  3906 | D:4      | Reached XP level 5. HP: 12/29 MP: 1/9
  4060 | D:4      | Reached skill level 6 in Earth Magic
  4386 | D:4      | Found a staircase to the Ecumenical Temple.
  4439 | Temple   | Entered the Ecumenical Temple
  4540 | Temple   | Became a worshipper of Warmaster Okawaru
  4729 | D:4      | Found a shattered altar of Ashenzari.
  5306 | D:5      | Entered Level 5 of the Dungeon
  5309 | D:5      | Reached XP level 6. HP: 35/35 MP: 6/10
  5420 | D:5      | Found a glowing drain.
  5511 | Sewer    | Entered a sewer
  6838 | D:5      | Noticed a centaur
  6847 | D:5      | Killed a centaur
  7181 | D:5      | Reached XP level 7. HP: 41/41 MP: 10/12
  8016 | D:6      | Acquired Okawaru's first power
  8153 | D:6      | Found a burning altar of Makhleb.
  8164 | D:6      | Reached skill level 5 in Dodging
  8164 | D:6      | Reached XP level 8. HP: 43/48 MP: 6/13
  8802 | D:6      | Noticed Crazy Yiuf
  8803 | D:6      | Killed Crazy Yiuf
  9050 | D:7      | Noticed Ijyb
  9055 | D:7      | Killed Ijyb
  9139 | D:7      | Found Khofuyr's Gadget Emporium.
  9853 | D:7      | Reached XP level 9. HP: 52/52 MP: 6/18
 10187 | D:7      | Noticed Edmund
 10196 | D:7      | Killed Edmund
 10260 | D:7      | Reached skill level 5 in Conjurations
 10394 | D:8      | Reached skill level 5 in Fighting
 11087 | D:8      | Reached skill level 5 in Spellcasting
 11723 | D:8      | Found Loupsycu's Magic Scroll Boutique.
 11746 | D:8      | Bought a scroll of enchant armour for 120 gold pieces
 11746 | D:8      | Bought a scroll of identify for 32 gold pieces
 11746 | D:8      | Bought a scroll of teleportation for 48 gold pieces
 11746 | D:8      | Bought a scroll of identify for 32 gold pieces
 11767 | D:8      | Reached skill level 7 in Dodging
 11816 | D:8      | Found a staircase to the Lair.
 12123 | D:9      | Reached XP level 10. HP: 51/60 MP: 18/24
 12547 | D:9      | Reached skill level 1 in Axes
 12891 | D:9      | Reached skill level 8 in Dodging
 13123 | D:9      | Acquired Okawaru's second power
 13820 | D:10     | Entered Level 10 of the Dungeon
 13842 | D:10     | Found a flagged portal.
 13849 | Bailey   | Entered a bailey
 14287 | Bailey   | Noticed an orc knight
 14404 | Bailey   | Noticed an orc knight
 14425 | Bailey   | Killed an orc knight
 14468 | Bailey   | Killed an orc knight
 14468 | Bailey   | Reached XP level 11. HP: 67/67 MP: 1/25
 14680 | Bailey   | Reached skill level 9 in Dodging
 14681 | Bailey   | Noticed an orc warlord
 14719 | Bailey   | HP: 4/100 [orc warlord/long sword (20)]
 14722 | Bailey   | Killed an orc warlord
 14939 | Bailey   | Noticed an orc knight
 14962 | Bailey   | Killed an orc knight
 14962 | Bailey   | Received a gift from Okawaru
 15188 | Bailey   | Noticed an orc knight
 15817 | D:10     | Noticed a griffon
 15826 | D:10     | Killed a griffon
 15826 | D:10     | Reached skill level 1 in Crossbows
 15958 | D:10     | Noticed an orc knight
 15986 | D:10     | Killed an orc knight
 16057 | D:10     | Noticed a centaur warrior
 16368 | D:10     | Gained mutation: You are somewhat resistant to further mutation. [potion of beneficial mutation]
 16372 | D:10     | HP: 3/68 [efreet/scimitar of flaming (11)]
 16377 | D:10     | Slain by an efreet

Action                   |  1- 3 |  4- 6 |  7- 9 | 10-12 || total
-------------------------+-------+-------+-------+-------++-------
Melee: Unarmed           |     2 |       |       |       ||     2
       Short sword       |    18 |   408 |    15 |     8 ||   449
       Battleaxe         |       |       |       |   375 ||   375
       War axe           |       |       |       |     3 ||     3
 Cast: Sandblast         |    69 |   164 |   297 |    28 ||   558
       Stone Arrow       |       |    10 |    20 |   140 ||   170
Invok: Heroism           |       |       |       |     6 ||     6
Evoke: Wand              |       |     1 |     1 |     2 ||     4
  Use: Scroll            |       |     6 |     3 |     9 ||    18
       Potion            |       |       |     2 |    16 ||    18
  Eat: Chunk             |     5 |    16 |    13 |    14 ||    48
       Pizza             |       |     2 |       |     1 ||     3
       Beef jerky        |       |       |     1 |       ||     1
       Meat ration       |       |       |     1 |       ||     1
       Fruit             |       |       |       |     6 ||     6
